 Dungeon Crawl Stone Soup version 0.30-a0-125-g51eefa89be (webtiles) character file.

Game seed: 2137752059312746220

30739 ragingrage the Summoner (level 13, -2/103 HPs)
             Began as a Demonspawn Cinder Acolyte on Sept 19, 2022.
             Was a High Priest of Ignis.
             Slain by a cane toad (6 damage)
             ... on level 5 of the Lair of Beasts.
             The game lasted 00:26:18 (18761 turns).

ragingrage the Summoner (DsCA)                     Turns: 18761, Time: 00:26:19

Health: -2/103     AC: 22    Str: 18    XL:     13   Next: 22%
Magic:  15/21      EV: 12    Int: 22    God:    Ignis [*****.]
Gold:   860        SH:  4    Dex:  8    Spells: 0/22 levels left

rFire   + . .      SeeInvis +    b - staff of conjuration
rCold   . . .      Faith    .    G - orb {light}
rNeg    . . .      Spirit   .    A - +0 troll leather armour
rPois   +          Reflect  .    S - +0 helmet
rElec   .          Harm     .    H - +0 cloak {Will+}
rCorr   +          Rampage  .    I - +0 pair of gloves of Ohil {Str+2 Int+2}
Will    +....                    L - +1 pair of boots {Fly}
Stlth   +.........               g - amulet of magic regeneration
HPRegen 0.27/turn                J - ring "Gevopt" {Wiz SInv}
MPRegen 0.57/turn                V - ring of poison resistance

@: flying, glowing
A: hooves 2, yellow scales 3, icemail 2, condensation shield
a: Renounce Religion, Fiery Armour, Foxfire Swarm, Rising Flame


You were on level 5 of the Lair of Beasts.
You worshipped Ignis.
Ignis was extremely pleased with you.
You visited 3 branches of the dungeon, and saw 19 of its levels.
You also visited: Bailey.

You collected 1090 gold pieces.
You spent 230 gold pieces at shops.

Inventory:

Hand Weapons
 a - a +6 spear
Missiles
 o - 2 throwing nets
 u - 20 poisoned darts (quivered)
 M - 4 javelins
Armour
 A - a +0 troll leather armour (worn)
 E - a +2 leather armour of cold resistance
 G - an orb of light (worn)
 H - a +0 cloak of willpower (worn)
 I - the +0 pair of gloves of Ohil (worn) {Str+2 Int+2}
   (You acquired it on level 9 of the Dungeon)

   Str:       It affects your strength (+2).
   Int:       It affects your intelligence (+2).
 L - a +1 pair of boots of flying (worn)
 S - a +0 helmet (worn)
Magical Staves
 b - a staff of conjuration (weapon)
Jewellery
 g - an amulet of magic regeneration (around neck)
 k - a ring of willpower
 t - a ring of ice
 F - a ring of flight
 J - the ring "Gevopt" (left hand) {Wiz SInv}
   (You found it in a bailey)

   [ring of wizardry]

   It improves your spell success rate.
   SInv:      It lets you see invisible.
 V - a ring of poison resistance (right hand)
Wands
 f - a wand of iceblast (3)
 i - a wand of charming (13)
 s - a wand of mindburst (10)
 v - a wand of flame (37)
Scrolls
 j - 5 scrolls of magic mapping
 r - 7 scrolls of identify
 w - 10 scrolls of teleportation
 x - 2 scrolls of blinking
 y - 4 scrolls of enchant weapon
 z - 2 scrolls of poison
 B - a scroll of fear
 Q - a scroll of summoning
 R - a scroll of enchant armour
Potions
 c - a potion of flight {unknown}
 d - a potion of berserk rage
 e - a potion of mutation
 h - 7 potions of curing
 l - 2 potions of heal wounds
 m - a potion of lignification
 n - a potion of cancellation
 p - a potion of invisibility {unknown}
 q - 4 potions of attraction
 C - 2 potions of brilliance {unknown}
 D - a potion of resistance
 K - a potion of haste
 N - 5 potions of might
 U - 9 potions of ambrosia
Miscellaneous
 O - a phial of floods (inert)


   Skills:
 - Level 10.0 Fighting
 - Level 2.6 Polearms
 - Level 4.0 Armour
 - Level 5.0 Dodging
 + Level 5.4 Spellcasting
 + Level 8.2 Conjurations
 + Level 1.4 Hexes
 - Level 12.0 Summonings
 - Level 11.0 Fire Magic
 - Level 2.0 Air Magic


You couldn't memorise any spells.
You knew the following spells:

 Your Spells              Type           Power      Damage    Failure   Level
a - Scorch                Fire           100%       2d10      1%          2
b - Call Canine Familiar  Summ           56%        N/A       1%          3
c - Flame Wave            Conj/Fire      64%        2d15      1%          4
d - Swiftness             Air            14%        N/A       6%          3
e - Summon Cactus Giant   Summ           28%        N/A       5%          6
f - Fulminant Prism       Conj/Hex       20%        3d13      6%          4

Your spell library contained the following spells:

 Spells                   Type           Power      Damage    Failure   Level
 Magic Dart               Conj           100%       1d8       1%          1
 Shock                    Conj/Air       100%       1d9       1%          1
 Searing Ray              Conj           100%       2d8       1%          2
 Slow                     Hex            48%        N/A       2%          1
 Confusing Touch          Hex            12%        N/A       8%          3
 Portal Projectile        Hex/Tloc       18%        N/A       11%         3
 Gell's Gravitas          Tloc           5%         N/A       14%         3
 Teleport Other           Tloc           5%         N/A       14%         3
 Vampiric Draining        Necr           5%         2d6       14%         3
 Airstrike                Air            7%         2d(1-17)  21%         4
 Leda's Liquefaction      Hex/Erth       4%         N/A       32%         4
 Lee's Rapid Deconstruct  Erth           2%         3d6*      75%         5
 Dispersal                Tloc           2%         N/A       99%         6
 Statue Form              Tmut/Erth      3%         N/A       99%         6


Dungeon Overview and Level Annotations

Branches:
Dungeon (13/15)            Temple (1/1) D:6            Lair (5/5) D:11
 Shoals (0/4) Lair:3        Snake (0/4) Lair:3        Slime (0/5) Lair:4
    Orc (0/2) D:12         Bailey (visited)
 Vaults: D:13-14

Altars:
Cheibriados
Hepliaklqana
Kikubaaqudgha
Okawaru
Qazlal
Trog
Vehumet
Wu Jian
Xom
Yredelemnul
Jiyva

Shops:
D:3 *   D:9 [

Annotations:
D:3 exclusion: downstairs
D:4 Pikel
D:5 3 runed translucent doors, ThrustWizard's ghost, amateur DsGl
D:10 exclusion: 2 downstairs
D:12 exclusion: downstairs
D:13 2 runed translucent doors
Lair:1 exclusion: downstairs
Lair:3 exclusion: upstairs
Lair:4 1 runed translucent door
Lair:5 1 transporter, melkoren's ghost, journeyman MiBe


Innate Abilities, Weirdness & Mutations

You have hoof-like feet.
You are completely covered in yellow scales. (AC +4, rCorr)
A meltable icy envelope protects you from harm. (AC +8)
A meltable shield of frost defends you. (SH +4)


Message History

The wolf simulacrum vaporises!
Your blink frog dissolves into shadows!
The harpy misses your blink frog. x2
Your blink frog barely misses the cane toad.
A cane toad simulacrum comes into view.
A polar bear simulacrum comes into view.
Casting: Scorch (safe; 1% risk of failure)
Confirm with . or Enter, or press ? or * to list all spells.
Flames lash the steam dragon.
The steam dragon is moderately wounded.
The steam dragon's fire resistance burns away.
Your blink frog dissolves into shadows!
Your blink frog blinks!
Your blink frog hits the cane toad.
Casting: Scorch (safe; 1% risk of failure)
Confirm with . or Enter, or press ? or * to list all spells.
Flames lash the cane toad.
The cane toad is moderately wounded.
The cane toad's fire resistance burns away.
The harpy closely misses you. The harpy claws you!
* * * LOW HITPOINT WARNING * * *
Your blink frog blinks!
The cane toad stings you!
* * * LOW HITPOINT WARNING * * *
Your cane toad stings the steam dragon!!
The steam dragon dies!
The cane toad simulacrum hits your cane toad.
The cane toad simulacrum freezes your cane toad!
Your cane toad seems to slow down.
Your cane toad dies!
Your cane toad's corpse dissolves into shadows!
Casting: Scorch (safe; 1% risk of failure)
Confirm with . or Enter, or press ? or * to list all spells.
Flames lash the cane toad.
The cane toad is burned terribly!
The cane toad is almost dead.
The cane toad stings you!
* * * LOW HITPOINT WARNING * * *
The snapping turtle bites you from afar.
* * * LOW HITPOINT WARNING * * *
The cane toad stings you.
You die...

###........~≈≈≈≈
##.....F...S≈≈≈
##..........~~~
# #......F....
.#.##..F........
.......F#§.#....
......$.t##... .
.......HFP###.#
.....Z○F@..# #
......†...##
....Z...$..#
)..........#
............
..Z......#..
.......###P..
#.##P!# ....


You could see a snapping turtle, a cane toad (combustible, ally target), a
harpy, 2 cane toad simulacra, a polar bear simulacrum, a friendly cane toad
(summoned) and 2 friendly blink frogs.

Vanquished Creatures
  3 hydras
  3 boulder beetles
  A two-headed ogre (D:11)
  A lindwurm (Lair:4)
  A manticore (D:12)
  4 elephants (Lair:3)
  A guardian serpent (Lair:3)
  5 black mambas
  A cyclops (D:12)
  9 cane toads
  2 gargoyles
  A kobold demonologist (D:12)
  4 rime drakes
  5 komodo dragons
  A polar bear (Lair:3)
  A queen bee (Lair:3)
  5 trolls
  A hornet (D:9)
  A snapping turtle (Lair:3)
  4 wyverns
  3 shadows
  A vampire (D:12)
  21 yaks
  A basilisk (Lair:4)
  3 wraiths
  11 steam dragons
  3 vampire mosquitoes (D:11)
  An acid dragon (D:12)
  3 nagas (Lair:3)
  A two-headed ogre zombie (D:12)
  6 water moccasins
  2 ice beasts
  9 orc warriors
  2 black bears
  A sky beast (D:6)
  2 lemures
  2 ogres
  3 centaurs
  A kobold brigand (D:8)
  A phantom (D:7)
  Blork the orc (D:6)
  A gnoll sergeant (D:8)
  4 bullfrogs
  3 necrophages
  2 scorpions (D:5)
  4 wights (D:9)
  A troll zombie (D:12)
  24 killer bees (Lair:3)
  4 electric eels
  4 howler monkeys
  4 hounds
  5 jellies
  11 orc priests
  A gnoll bouda (D:5)
  3 iguanas
  13 orc wizards
  A wolf simulacrum (Lair:5)
  4 ogre zombies (D:12)
  10 gnolls
  5 adders
  2 shadow imps (D:6)
  3 white imps
  2 dart slugs
  76 orcs
  4 ball pythons
  6 endoplasms
  4 giant cockroaches
  8 hobgoblins
  2 jackals (D:1)
  A quokka (D:2)
  3 bats
  3 frilled lizards
  8 goblins
  A goblin skeleton (D:12)
  2 goblin zombies (D:12)
  3 hobgoblin skeletons (D:12)
  3 hobgoblin zombies (D:12)
  5 kobolds
  13 orc zombies (D:12)
  7 rats
392 creatures vanquished.

Vanquished Creatures (collateral kills)
  A lindwurm (Lair:3)
  A cane toad (Lair:5)
  A gargoyle (D:12)
  A komodo dragon (Lair:4)
  A steam dragon (Lair:5)
  A water moccasin (Lair:4)
  2 orc warriors
  A black bear (D:6)
  A hound (D:6)
  An orc wizard (D:6)
  2 orcs (D:6)
13 creatures vanquished.

Vanquished Creatures (others)
  A steam dragon (Lair:2)
  23 foxfires (D:5)
  14 fungi
  51 plants
89 creatures vanquished.

Grand Total: 494 creatures vanquished

Notes
Turn   | Place    | Note
-------+----------+-------------------------------------------
     0 | D:1      | ragingrage the Demonspawn Cinder Acolyte began the quest
                  | for the Orb.
     0 | D:1      | Reached XP level 1. HP: 18/18 MP: 2/2
   316 | D:1      | Gained mutation: You have large cloven feet. [demonic
                  | ancestry]
   316 | D:1      | Reached XP level 2. HP: 24/24 MP: 2/4
   319 | D:1      | Learned a level 2 spell: Scorch
   659 | D:1      | You fall into a shaft and drop 1 floor!
  1446 | D:2      | Reached XP level 3. HP: 24/29 MP: 2/5
  2021 | D:3      | Found a faded altar of an unknown god.
  2456 | D:3      | Gained mutation: You are partially covered in yellow
                  | scales. (AC +2) [demonic ancestry]
  2456 | D:3      | Reached XP level 4. HP: 10/37 MP: 2/7
  2846 | D:3      | Found a shimmering altar of Xom.
  3257 | D:3      | Found Rimeaq's General Store.
  3269 | D:3      | Bought a scroll of teleportation for 33 gold pieces
  3269 | D:3      | Bought a scroll of blinking for 82 gold pieces
  3436 | D:4      | Noticed a lemure
  3437 | D:4      | Noticed a lemure
  3438 | D:4      | Noticed Pikel
  3439 | D:4      | Noticed a lemure
  3440 | D:4      | Noticed a lemure
  3626 | D:3      | Killed a lemure
  3836 | D:5      | Entered Level 5 of the Dungeon
  3841 | D:5      | Learned a level 3 spell: Call Canine Familiar
  3851 | D:5      | Noticed a wraith
  3864 | D:5      | Killed a wraith
  3865 | D:5      | Reached skill level 1 in Summonings
  3865 | D:5      | Gained mutation: You are mostly covered in yellow scales.
                  | (AC +3) [demonic ancestry]
  3865 | D:5      | Reached XP level 5. HP: 42/42 MP: 1/9
  4054 | D:5      | Reached skill level 2 in Summonings
  4054 | D:5      | Gained mutation: You are completely covered in yellow
                  | scales. (AC +4, rCorr) [demonic ancestry]
  4054 | D:5      | Reached XP level 6. HP: 48/48 MP: 5/11
  4537 | D:5      | Reached skill level 3 in Summonings
  4698 | D:5      | Gained mutation: You have hoof-like feet. [demonic
                  | ancestry]
  4698 | D:5      | Reached XP level 7. HP: 54/54 MP: 8/13
  4937 | D:4      | Reached skill level 5 in Fire Magic
  5160 | D:5      | Reached skill level 4 in Summonings
  5509 | D:5      | Found a runed translucent gate.
  5518 | D:5      | Found a runed translucent gate.
  5518 | D:5      | Found a runed translucent gate.
  5550 | D:5      | Noticed ThrustWizard's ghost (amateur DsGl)
  5941 | D:6      | Gained mutation: A meltable shield of frost defends you.
                  | (SH +4) [demonic ancestry]
  5941 | D:6      | Reached XP level 8. HP: 60/60 MP: 10/14
  5943 | D:6      | Reached skill level 5 in Summonings
  6187 | D:6      | Found a snail-covered altar of Cheibriados.
  6198 | D:6      | Found an ancient bone altar of Kikubaaqudgha.
  6543 | D:6      | Reached skill level 6 in Summonings
  6635 | D:6      | Noticed Blork the orc
  6640 | D:6      | Killed Blork the orc
  6693 | D:6      | Reached skill level 7 in Summonings
  6787 | D:6      | Found a staircase to the Ecumenical Temple.
  6796 | Temple   | Entered the Ecumenical Temple
  7146 | D:7      | Reached XP level 9. HP: 57/65 MP: 3/15
  7298 | D:7      | Found a basalt altar of Yredelemnul.
  7928 | D:7      | Reached skill level 8 in Summonings
  8948 | D:8      | Noticed a troll
  8962 | D:8      | Killed a troll
  8963 | D:8      | Reached skill level 9 in Summonings
  9199 | D:8      | Learned a level 4 spell: Flame Wave
  9347 | D:8      | Reached skill level 1 in Armour
  9347 | D:8      | Reached skill level 1 in Conjurations
  9347 | D:8      | Reached XP level 10. HP: 66/71 MP: 9/16
  9817 | D:9      | Found Boatay Notekk's Armour Boutique.
  9833 | D:9      | Bought a +0 cloak of willpower for 115 gold pieces
 10060 | D:9      | Found a flagged portal.
 10120 | Bailey   | Entered a bailey
 10622 | Bailey   | Identified the ring "Gevopt" {Wiz SInv}
 10624 | Bailey   | Identified the +11 gold dragon scales of the Circus Animal
                  | {Harm rPois rF+ rC+ Dex+5}
 10879 | D:9      | Reached skill level 10 in Fire Magic
 11130 | D:9      | Identified a scroll of acquirement
 11130 | D:9      | Acquired the +0 pair of gloves of Ohil {Str+2 Int+2}
 11174 | D:9      | Identified the +9 scale mail of Juotayn {rC- rN+ Str+6}
 11378 | D:10     | Entered Level 10 of the Dungeon
 11437 | D:10     | Reached skill level 5 in Conjurations
 11646 | D:10     | Reached XP level 11. HP: 67/77 MP: 2/17
 11907 | D:10     | Found a bloodstained altar of Trog.
 12231 | D:11     | Noticed a tengu warrior
 12396 | D:11     | Noticed a tengu warrior
 12714 | D:11     | Found a stormy altar of Qazlal.
 12820 | D:11     | Noticed a two-headed ogre
 12824 | D:11     | Killed a two-headed ogre
 12935 | D:11     | Learned a level 3 spell: Swiftness
 13206 | D:12     | Found a radiant altar of Vehumet.
 13218 | D:12     | Reached skill level 1 in Dodging
 13560 | D:12     | Found a staircase to the Orcish Mines.
 13639 | D:11     | Noticed a boulder beetle
 13771 | D:12     | Reached skill level 5 in Fighting
 14312 | D:11     | Killed a boulder beetle
 14480 | D:11     | Found a staircase to the Lair.
 14691 | D:13     | Found a large runed translucent door.
 14691 | D:13     | Found a large runed translucent door.
 14705 | D:13     | Noticed a seven-headed hydra
 14988 | Lair:1   | Entered Level 1 of the Lair of Beasts
 15109 | Lair:1   | Learned a level 6 spell: Summon Cactus Giant
 15386 | Lair:1   | Gained mutation: A meltable icy envelope protects you from
                  | harm. (AC +8) [demonic ancestry]
 15386 | Lair:1   | Reached XP level 12. HP: 89/89 MP: 14/18
 15858 | Lair:2   | Noticed a death yak
 15858 | Lair:2   | Noticed a death yak
 15858 | Lair:2   | Noticed a death yak
 15858 | Lair:2   | Noticed a death yak
 15858 | Lair:2   | Noticed a death yak
 15858 | Lair:2   | Noticed a death yak
 16139 | Lair:2   | Reached skill level 5 in Dodging
 16201 | Lair:2   | Reached skill level 10 in Summonings
 16388 | Lair:3   | Found a staircase to the Snake Pit.
 16653 | Lair:3   | Reached skill level 11 in Summonings
 16677 | Lair:3   | Found a staircase to the Shoals.
 17026 | Lair:3   | Noticed a boulder beetle
 17034 | Lair:3   | Noticed a seven-headed hydra
 17040 | Lair:3   | Killed a seven-headed hydra
 17068 | Lair:3   | Killed a boulder beetle
 17144 | Lair:3   | Noticed a boulder beetle
 17175 | Lair:3   | Killed a boulder beetle
 17249 | Lair:3   | Found the +3 pair of seven-league boots {Rampage+∞}
 17836 | Lair:4   | Gained mutation: A meltable icy envelope protects you from
                  | harm. (AC +8) [demonic ancestry]
 17836 | Lair:4   | Reached XP level 13. HP: 103/103 MP: 8/19
 17982 | Lair:4   | Found a runed translucent door.
 17988 | Lair:4   | Reached skill level 10 in Fighting
 17988 | Lair:4   | Reached skill level 12 in Summonings
 18168 | Lair:4   | Found a staircase to the Slime Pits.
 18173 | Lair:4   | Found a viscous altar of Jiyva.
 18204 | Lair:4   | Reached skill level 5 in Spellcasting
 18585 | Lair:5   | Entered Level 5 of the Lair of Beasts
 18596 | Lair:5   | Learned a level 4 spell: Fulminant Prism
 18655 | Lair:5   | Reached skill level 1 in Hexes
 18708 | Lair:5   | Found a transporter.
 18708 | Lair:5   | Noticed melkoren's ghost (journeyman MiBe)
 18741 | Lair:5   | HP: 5/103 [eight-headed hydra (8)]
 18761 | Lair:5   | HP: 4/103 [snapping turtle (3)]
 18761 | Lair:5   | Slain by a cane toad

Illustrated notes

Levels and vault maps discovered:
D:1:      eino_arrival_tree_alley, layout_basic
D:2:      layout_basic
D:3:      layout_loops_ring, lemuel_crystal_altar, mainiacjoe_overflow_paths,
          ebering_ecumenical_altar_mist, serial_shops, shop
D:4:      minmay_recursive_quarters, layout_cave_pods, lemuel_crystal_altar,
          minmay_misc_feat_four_crosses, uniq_pikel
D:5:      layout_gridville, gammafunk_ghost_nasty_kobolds
D:6:      layout_basic, nicolae_overflow_squiral,
          minmay_temple_entry_statues_fountains, grunt_ministairs_12,
          uniq_blork_the_orc
D:7:      layout_rooms, kennysheep_little_box
D:8:      kennysheep_ambush_hall, layout_basic
D:9:      layout_grid_maze, amcnicky_altar_gilded, serial_shops, shop_coins,
          enter_bailey_4, hangedman_decor_peaks_small
D:10:     layout_basic, nicolae_overflow_crystal_walls
D:11:     layout_loops_ring, david_lair_shrubbed, serial_bayou_ford_a,
          nicolae_qazlal_scattered_showers
D:12:     layout_irregular_city, zombieorc2_lemuel, vehumet_crystals
D:13:     layout_irregular_city, david_vaults_1, hellmonk_bongcloud_opening,
          lightli_elemental_guards, uniq_sonja
Temple:   zaba_magenta_temple
Lair:1:   layout_hall_layers, grunt_forest_stairs_basic, lemuel_fruit_tree,
          serial_bayou_shore_b, grunt_megastairs_3
Lair:2:   layout_small_grid, bobbens_dragon_lair_wall, grunt_megastairs_2
Lair:3:   layout_roguey, minmay_shoals_entry_hut, guppyfry_snake_entry_island,
          special_room [special_room_bee],
          hellmonk_guarded_unrand_seven_league_boots
Lair:4:   gammafunk_mikee_crab_dinner, layout_long_grid, slime_entry_1
Lair:5:   gammafunk_lair_ancient_temple, layout_cave_pods,
          gammafunk_ghost_arena, portal_ice_cave_entry_ice_simulacra,
          mumra_transporter_accident, infiniplex_staircase_pool

Skill      XL: |  1  2  3  4  5  6  7  8  9 10 11 12 13 |
---------------+----------------------------------------+-----
Spellcasting   | 2 3 4 5 |  5.4
Fire Magic     | 3 4 5 7 9 10 11 | 11.0
Fighting       | 4 6 9 10 | 10.0
Summonings     | 1 2 3 4 7 9 11 12 | 12.0
Armour         | 1 3 4 |  4.0
Conjurations   | 1 6 8 |  8.2
Air Magic      | 2 |  2.0
Dodging        | 4 5 |  5.0
Hexes          | 1 |  1.4
Polearms       | |  2.6

Action                   |  1- 3 |  4- 6 |  7- 9 | 10-12 | 13-15 || total
-------------------------+-------+-------+-------+-------+-------++-------
Melee: Spear             |    64 |    28 |    49 |   124 |       ||   265
       Kick              |     5 |     7 |    14 |     4 |       ||    30
       Staff             |       |       |       |     7 |     1 ||     8
Throw: Dart              |       |     4 |     2 |    17 |       ||    23
 Cast: Scorch            |    17 |    45 |   202 |   488 |    46 ||   798
       Call Canine Famil |       |       |     1 |    12 |     4 ||    17
       Flame Wave        |       |       |       |     6 |       ||     6
Invok: Foxfire Swarm     |       |     1 |       |       |       ||     1
Evoke: Wand              |       |     3 |     5 |    11 |       ||    19
       Phial of floods   |       |       |       |       |     1 ||     1
  Use: Scroll            |       |     2 |     9 |    11 |     3 ||    25
       Potion            |       |       |     1 |     1 |     2 ||     4
Armor: Robe              |     9 |     3 |       |       |       ||    12
       Leather armour    |       |     5 |    76 |       |     7 ||    88
       Troll leather arm |       |       |     2 |   163 |    31 ||   196
Dodge: Dodged            |    23 |    30 |   114 |   211 |    19 ||   397
Block: Other             |       |       |     5 |       |       ||     5
       Orb               |       |       |     5 |    62 |     3 ||    70

Table legend: (Time is in decaauts)
 A = Elapsed time spent in this place.
 B = Non-inter-level travel time spent in this place.
 C = Inter-level travel time spent in this place.
 D = Time resting spent in this place.
 E = Time spent auto-exploring this place.
 F = Levels seen in this place.
 G = Mean time per level.
                   A        B        C        D        E       F      G
               +--------+--------+--------+--------+--------+-----+--------+
         Total |  18788 |  17622 |   1166 |   5375 |   8763 |  20 |  939.4 |
       Dungeon |  14428 |  13427 |   1001 |   3931 |   6990 |  13 | 1109.8 |
        Temple |      1 |      1 |      0 |      0 |      0 |   1 |    1.0 |
          Lair |   3779 |   3615 |    164 |   1182 |   1608 |   5 |  755.8 |
        Bailey |    578 |    578 |      0 |    262 |    165 |   1 |  578.0 |
               +--------+--------+--------+--------+--------+-----+--------+

Top non-repeatable levels by time:
     D:2: 1628 daAuts
     D:5: 1607 daAuts
    D:12: 1389 daAuts
     D:6: 1323 daAuts
     D:3: 1319 daAuts
     D:8: 1317 daAuts
  Lair:3: 1211 daAuts
    D:11: 1189 daAuts
     D:7: 1161 daAuts
  Lair:1: 1102 daAuts
     D:9: 999 daAuts
  Lair:4: 973 daAuts
     D:1: 797 daAuts
    D:10: 716 daAuts
     D:4: 663 daAuts
